Little Stars vs Gangsters
Created - 19 novembre 2015 at 21:08
Goals
|
| Little Stars |
1 |
1 |
2 |
4 |
| Gangsters |
3 |
3 |
1 |
7 |
|
Shots
|
| Little Stars |
15 |
12 |
8 |
35 |
| Gangsters |
10 |
9 |
6 |
25 |
|
1st period
1. Little Stars , Sean Avery 15 (Ryan Vesce, Marcus Kruger) at 5:21
2. Gangsters , Mikko Lehtonen 5 (Dave Dziurzynski, Morgan Ellis) at 9:32
3. Gangsters , Ryan Jones 8 (Igor Radulov, Mikko Lehtonen) at 15:17
4. Gangsters , Igor Radulov 11 (Ryan Johansen) at 15:52 (PP)
Penalties :
Cody Bass (Tex) for Interference (Minor) at 15:49, Bryan Young (Bro) for Hooking (Minor) at 18:24
2nd period
5. Gangsters , Ryan Johansen 9 (Bryan Young) at 2:01 (PP)
6. Gangsters , Mikko Lehtonen 6 (Alexandre Bolduc) at 2:58
7. Gangsters , Richard Panik 6 (Maxime Sauvé, Luke Gazdic) at 3:53
8. Little Stars , Erik Haula 3 (Mathieu Roy, Raphael Diaz) at 5:09
Penalties :
Jesse Joensuu (Tex) for Boarding (Minor) at 1:44, Curtis McKenzie (Bro) for Hooking (Minor) at 7:43, Matt Delahey (Bro) for Slashing (Minor) at 11:05, Sean Avery (Tex) for Tripping (Minor) at 12:05, Ryan Jones (Bro) for Boarding (Minor) at 18:09
3rd period
9. Gangsters , Ryan Johansen 10 (Matt Delahey, Alexandre Bolduc) at 9:30
10. Little Stars , Ryan Vesce 18 (Raphael Diaz, Marcus Kruger) at 12:26 (PP)
11. Little Stars , Ryan Vesce 19 (Sean Avery, Marcus Kruger) at 12:42
Penalties :
Conor Allen (Tex) for Tripping (Minor) at 5:45, Curtis McKenzie (Bro) for Delaying the game (Minor) at 12:12, Ryan Jones (Bro) for Holding (Minor) at 13:00, Ryan Johansen (Bro) for Hooking (Minor) at 19:22
Goalie Stats
Ben Scrivens (Tex), 8 saves from 11 shots - (0,727), L, 1-3-0, 37:59 minutes
Peter Budaj (Tex), 10 saves from 14 shots - (0,714), 22:01 minutes
Dustin Tokarski (Bro), 31 saves from 35 shots - (0,886), W, 7-6-0, 60:00 minutes
Players Stats for Little Stars
Player Name G A P +/- PIM S H SB GA TA FO MP PP MP PK MP
------------------------------------------------------------------------------------
Alexander Guptill 0 0 0 0 0 0 0 0 0 0 0/0 0:00 0:00 0:00
Alexander Vasyunov 0 0 0 1 0 0 0 0 0 0 0/0 4:32 0:00 0:00
Andrej Nestrasil 0 0 0 0 0 0 0 0 0 0 0/0 0:00 0:00 0:00
Cody Bass 0 0 0 -1 2 3 1 0 2 0 5/10 17:35 4:31 0:00
Connor Brickley 0 0 0 0 0 0 0 0 0 0 0/0 0:00 0:00 0:00
Conor Allen 0 0 0 -1 2 1 0 0 0 0 0/0 4:16 0:00 0:00
Dana Tyrell 0 0 0 -1 0 2 0 0 1 0 0/4 14:44 0:13 0:00
Danny DeKeiser 0 0 0 -3 0 1 1 2 0 1 0/0 20:06 3:18 1:06
Dennis Everberg 0 0 0 -1 0 0 2 0 0 0 0/0 14:03 0:00 0:00
Erik Haula 1 0 1 1 0 2 0 0 1 0 3/4 6:20 0:00 1:13
Hugh Jessiman 0 0 0 -1 0 0 2 1 0 0 1/1 18:13 4:31 0:24
Jamie McGinn 0 0 0 0 0 0 0 0 0 0 0/0 0:00 0:00 0:00
Jared Spurgeon 0 0 0 -3 0 3 0 1 0 0 0/0 20:06 3:18 1:06
Jesse Joensuu 0 0 0 -1 2 5 1 0 1 1 2/3 14:42 0:13 0:00
Justin Faulk 0 0 0 0 0 0 0 0 0 0 0/0 9:47 0:00 0:00
Landon Ferraro 0 0 0 0 0 0 0 0 0 0 0/0 0:19 0:00 0:19
Marcus Johansson 0 0 0 -1 0 2 1 0 2 0 0/1 18:44 4:31 1:03
Marcus Kruger 0 3 3 -1 0 1 3 0 0 0 15/38 20:06 5:16 0:24
Mathieu Roy 0 1 1 1 0 2 3 1 2 2 0/0 29:35 6:29 1:41
Oscar Lindberg 0 0 0 0 0 0 0 0 0 0 0/0 0:00 0:00 0:00
Petter Granberg 0 0 0 0 0 0 1 0 0 0 0/0 10:19 0:00 0:32
Raphael Diaz 0 2 2 2 0 2 2 0 1 1 0/0 25:53 6:29 2:13
Ryan Vesce 2 1 3 -1 0 4 6 0 1 0 2/3 22:05 5:03 1:52
Sean Avery 1 1 2 0 2 7 2 1 1 0 5/5 24:13 5:02 1:23
Players Stats for Gangsters
Player Name G A P +/- PIM S H SB GA TA FO MP PP MP PK MP
------------------------------------------------------------------------------------
Alexandre Bolduc 0 2 2 2 0 2 2 0 1 1 10/19 20:08 1:20 5:57
Ben Holmstrom 0 0 0 -1 0 2 0 2 0 0 1/3 7:26 0:01 0:00
Brett Ponich 0 0 0 0 0 0 0 1 0 0 0/0 11:58 0:42 0:00
Bryan Young 0 1 1 -1 2 2 1 1 0 2 0/0 27:53 2:08 4:12
Curtis McKenzie 0 0 0 -1 4 0 1 0 0 0 0/0 8:05 0:00 0:53
Dave Dziurzynski 0 1 1 2 0 1 0 0 0 0 0/0 12:58 1:11 0:00
Devante Smith-Pelly 0 0 0 -1 0 0 0 0 0 1 0/0 7:14 0:00 0:00
Igor Radulov 1 1 2 0 0 6 0 2 2 0 7/13 25:04 1:45 5:33
Luke Gazdic 0 1 1 1 0 0 0 1 0 1 1/1 10:07 0:00 0:16
Matt Delahey 0 1 1 -1 2 0 0 2 0 1 0/0 28:18 1:59 5:34
Maxime Sauvé 0 1 1 1 0 1 3 0 1 0 4/6 11:11 0:23 0:52
Michael Sdao 0 0 0 3 0 0 0 3 0 0 0/0 19:55 0:48 4:15
Mikko Lehtonen 2 1 3 2 0 3 2 0 0 0 0/0 12:58 1:11 0:00
Morgan Ellis 0 1 1 0 0 0 2 2 0 1 0/0 12:45 0:23 1:51
Patrik Nemeth 0 0 0 3 0 1 1 0 0 2 0/0 19:22 0:48 3:42
Richard Panik 1 0 1 1 0 3 0 0 1 0 1/1 12:06 0:00 2:15
Ryan Johansen 2 1 3 0 2 2 0 1 0 1 11/22 21:28 1:58 2:44
Ryan Jones 1 0 1 0 4 2 2 1 0 2 1/4 20:11 1:58 1:04
3 Stars
1 - Mikko Lehtonen (Bro)
2 - Ryan Vesce (Tex)
3 - Ryan Johansen (Bro)
Power Play
Little Stars - 1 on 7 Attempt(s) - 14,29%
Gangsters - 2 on 4 Attempt(s) - 50,00%
Penalty Kill
Little Stars - 2 on 4 Attempt(s) - 50,00%
- Score 0 goal in Penalty Kill
Gangsters - 6 on 7 Attempt(s) - 85,71%
- Score 0 goal in Penalty Kill
Team Stat
Little Stars - Hits : 25 - Faceoff Wins : 33 - Blocked Shots : 6 - Penalty Minutes : 8
Gangsters - Hits : 14 - Faceoff Wins : 36 - Blocked Shots : 16 - Penalty Minutes : 14
Official
Referees : Banfield David and Dwyer Gord
Linesman : Darren Gibbs and Greg Devorski
Game Notes
Ben Scrivens enters game at 2:01 of 2nd period
5:09 of 2nd period - Little Stars goal is going for a video replay. After video review, Goal.
Finance
Level 1 -- Attendance: 1501 (75,05%) -- Ticket Income 52 535 $
Level 2 -- Attendance: 767 (76,70%) -- Ticket Income 11 505 $
Total Attendance: 2268 (75,60%)
Total Ticket Income: 64 040 $
Other Income: 3 202 $
Total Income: 67 242 $
Little Stars
5 vs 5 Forward
Center Left Wing Right Wing Time % Phy DF OF
1 Marcus Kruger Sean Avery Ryan Vesce 40 1 2 2
2 Cody Bass Marcus Johansson Hugh Jessiman 30 1 2 2
3 Dana Tyrell Jesse Joensuu Dennis Everberg 20 1 2 2
4 Erik Haula Alexander Vasyunov Sean Avery 10 1 2 2
5 vs 5 Defense
Defense Defense Time % Phy DF OF
1 Mathieu Roy Raphael Diaz 40 1 2 2
2 Jared Spurgeon Danny DeKeiser 30 1 2 2
3 Justin Faulk Petter Granberg 20 1 2 2
4 Conor Allen Mathieu Roy 10 1 2 2
PowerPlay Forward
Center Left Wing Right Wing Time % Phy DF OF
1 Marcus Kruger Sean Avery Ryan Vesce 60 1 2 2
2 Cody Bass Marcus Johansson Hugh Jessiman 40 1 2 2
PowerPlay Defense
Defense Defense Time % Phy DF OF
1 Mathieu Roy Raphael Diaz 60 1 2 2
2 Jared Spurgeon Danny DeKeiser 40 1 2 2
Penalty Kill 4 Players Forward
Center Wing Time % Phy DF OF
1 Sean Avery Ryan Vesce 60 1 2 2
2 Marcus Kruger Hugh Jessiman 40 1 2 2
Penalty Kill 4 Players Defense
Defense Defense Time % Phy DF OF
1 Mathieu Roy Raphael Diaz 60 1 2 2
2 Jared Spurgeon Danny DeKeiser 40 1 2 2
Penalty Kill - 3 Players Forward
Forward Time % Phy DF OF
1 Sean Avery 60 1 2 2
2 Ryan Vesce 40 1 2 2
Penalty Kill - 3 Players Defense
Defense Defense Time % Phy DF OF
1 Mathieu Roy Raphael Diaz 60 1 2 2
2 Jared Spurgeon Danny DeKeiser 40 1 2 2
4 vs 4 Forward
Center Wing Time % Phy DF OF
1 Sean Avery Ryan Vesce 60 1 2 2
2 Marcus Kruger Hugh Jessiman 40 1 2 2
4 vs 4 Defense
Defense Defense Time % Phy DF OF
1 Mathieu Roy Raphael Diaz 60 1 2 2
2 Jared Spurgeon Danny DeKeiser 40 1 2 2
Last Minutes Offensive
Center Left Wing Right Wing Defense Defense
Marcus Kruger Sean Avery Ryan Vesce Mathieu Roy Raphael Diaz
Last Minutes Defensive
Center Left Wing Right Wing Defense Defense
Marcus Kruger Sean Avery Ryan Vesce Mathieu Roy Raphael Diaz
Goaltenders
Starting : Peter Budaj
Backup : Ben Scrivens
Extra Forwards
Normal : Jesse Joensuu, Dana Tyrell, Erik Haula - PP : Jesse Joensuu, Dana Tyrell - PK : Erik Haula
Extra Defensemen
Normal : Justin Faulk, Petter Granberg, Conor Allen - PP : Justin Faulk - PK : Petter Granberg, Conor Allen
Penalty Shots
Sean Avery, Ryan Vesce, Marcus Kruger, Hugh Jessiman, Marcus Johansson
Gangsters
5 vs 5 Forward
Center Left Wing Right Wing Time % Phy DF OF
1 Ryan Johansen Igor Radulov Ryan Jones 40 1 2 2
2 Alexandre Bolduc Dave Dziurzynski Mikko Lehtonen 30 1 2 2
3 Maxime Sauvé Luke Gazdic Richard Panik 20 1 2 2
4 Ben Holmstrom Curtis McKenzie Devante Smith-Pelly 10 1 2 2
5 vs 5 Defense
Defense Defense Time % Phy DF OF
1 Bryan Young Matt Delahey 40 1 2 2
2 Michael Sdao Patrik Nemeth 30 1 2 2
3 Brett Ponich Morgan Ellis 20 1 2 2
4 Bryan Young Matt Delahey 10 1 2 2
PowerPlay Forward
Center Left Wing Right Wing Time % Phy DF OF
1 Ryan Johansen Igor Radulov Ryan Jones 60 1 2 2
2 Alexandre Bolduc Dave Dziurzynski Mikko Lehtonen 40 1 2 2
PowerPlay Defense
Defense Defense Time % Phy DF OF
1 Bryan Young Matt Delahey 60 1 2 2
2 Michael Sdao Patrik Nemeth 40 1 2 2
Penalty Kill 4 Players Forward
Center Wing Time % Phy DF OF
1 Igor Radulov Alexandre Bolduc 60 1 2 2
2 Ryan Jones Ryan Johansen 40 1 2 2
Penalty Kill 4 Players Defense
Defense Defense Time % Phy DF OF
1 Bryan Young Matt Delahey 60 1 2 2
2 Michael Sdao Patrik Nemeth 40 1 2 2
Penalty Kill - 3 Players Forward
Forward Time % Phy DF OF
1 Igor Radulov 60 1 2 2
2 Alexandre Bolduc 40 1 2 2
Penalty Kill - 3 Players Defense
Defense Defense Time % Phy DF OF
1 Bryan Young Matt Delahey 60 1 2 2
2 Michael Sdao Patrik Nemeth 40 1 2 2
4 vs 4 Forward
Center Wing Time % Phy DF OF
1 Igor Radulov Alexandre Bolduc 60 1 2 2
2 Ryan Jones Ryan Johansen 40 1 2 2
4 vs 4 Defense
Defense Defense Time % Phy DF OF
1 Bryan Young Matt Delahey 60 1 2 2
2 Michael Sdao Patrik Nemeth 40 1 2 2
Last Minutes Offensive
Center Left Wing Right Wing Defense Defense
Alexandre Bolduc Igor Radulov Ryan Jones Bryan Young Matt Delahey
Last Minutes Defensive
Center Left Wing Right Wing Defense Defense
Alexandre Bolduc Igor Radulov Ryan Jones Bryan Young Matt Delahey
Goaltenders
Starting : Dustin Tokarski
Backup : Brad Thiessen
Extra Forwards
Normal : Maxime Sauvé, Ben Holmstrom, Richard Panik - PP : Maxime Sauvé, Ben Holmstrom - PK : Richard Panik
Extra Defensemen
Normal : Brett Ponich, Morgan Ellis, Michael Sdao - PP : Brett Ponich - PK : Morgan Ellis, Michael Sdao
Penalty Shots
Igor Radulov, Alexandre Bolduc, Ryan Jones, Ryan Johansen, Mikko Lehtonen
% Time on Ice - Little Stars
Lines # - Real PCT - Wanted PCT - Time Play
Normal Forward
1 - 32% - 40% - 14:31
2 - 28% - 30% - 13:05
3 - 30% - 20% - 13:47
4 - 10% - 10% - 4:32
Normal Defense
1 - 36% - 40% - 16:29
2 - 34% - 30% - 15:25
3 - 21% - 20% - 9:47
4 - 9% - 10% - 4:14
PP Forward
1 - 54% - 60% - 5:16
2 - 46% - 40% - 4:31
PP Defense
1 - 66% - 60% - 6:29
2 - 34% - 40% - 3:18
PK Forward
1 - 88% - 60% - 2:55
2 - 12% - 40% - 0:24
PK Defense
1 - 67% - 60% - 2:13
2 - 33% - 40% - 1:06
PK3 Forward
1 - 0% - 60%
2 - 0% - 40%
PK3 Defense
1 - 0% - 60%
2 - 0% - 40%
44 Forward
1 - 100% - 60% - 0:59
2 - 0% - 40% - 0:00
44 Defense
1 - 71% - 60% - 0:42
2 - 29% - 40% - 0:17
Last Minute Offensive - 0:00
Last Minute Defensive - 0:00
Total
Forward - 60:00
Defense - 60:00
|
% Time on Ice - Gangsters
Lines # - Real PCT - Wanted PCT - Time Play
Normal Forward
1 - 37% - 40% - 17:03
2 - 26% - 30% - 11:47
3 - 21% - 20% - 9:51
4 - 16% - 10% - 7:14
Normal Defense
1 - 43% - 40% - 19:38
2 - 32% - 30% - 14:41
3 - 21% - 20% - 9:35
4 - 4% - 10% - 2:01
PP Forward
1 - 64% - 60% - 2:08
2 - 36% - 40% - 1:11
PP Defense
1 - 76% - 60% - 2:31
2 - 24% - 40% - 0:48
PK Forward
1 - 74% - 60% - 7:12
2 - 26% - 40% - 2:35
PK Defense
1 - 62% - 60% - 6:05
2 - 38% - 40% - 3:42
PK3 Forward
1 - 0% - 60%
2 - 0% - 40%
PK3 Defense
1 - 0% - 60%
2 - 0% - 40%
44 Forward
1 - 81% - 60% - 0:48
2 - 19% - 40% - 0:11
44 Defense
1 - 81% - 60% - 0:48
2 - 19% - 40% - 0:11
Last Minute Offensive - 0:00
Last Minute Defensive - 0:00
Total
Forward - 60:00
Defense - 60:00
|
Play by Play
1st period
0:01 of 1st period - Ryan Johansen wins face-off versus Marcus Kruger in neutral zone.
0:35 of 1st period - Snap shot by Hugh Jessiman.
0:35 of 1st period - Shot Misses the Net.
1:11 of 1st period - Wrist shot by Sean Avery.
1:11 of 1st period - Shot Hit the Post.
1:13 of 1st period - Snap shot by Erik Haula.
1:13 of 1st period - Shot Misses the Net.
2:06 of 1st period - Wrist shot by Jesse Joensuu.
2:06 of 1st period - Stopped by Dustin Tokarski without a rebound.
2:07 of 1st period - Maxime Sauvé wins face-off versus Dana Tyrell in Gangsters zone.
2:40 of 1st period - Slapshot by Jesse Joensuu.
2:40 of 1st period - Shot Blocked by Brett Ponich.
2:42 of 1st period - Snap shot by Conor Allen.
2:42 of 1st period - Deflect By Igor Radulov.
2:42 of 1st period - Stopped by Dustin Tokarski with a rebound.
2:54 of 1st period - Snap shot by Jesse Joensuu.
2:54 of 1st period - Stopped by Dustin Tokarski with a rebound.
3:31 of 1st period - Slapshot by Dana Tyrell.
3:31 of 1st period - Shot Blocked by Morgan Ellis.
3:33 of 1st period - Snap shot by Mathieu Roy.
3:33 of 1st period - Deflect By Jesse Joensuu.
3:33 of 1st period - Shot Blocked by Morgan Ellis.
3:33 of 1st period - Puck is out of play.
3:34 of 1st period - Alexandre Bolduc wins face-off versus Marcus Kruger in Gangsters zone.
4:07 of 1st period - Cody Bass is hit by Maxime Sauvé and loses puck.
4:24 of 1st period - Slapshot by Erik Haula.
4:24 of 1st period - Shot Misses the Net.
4:26 of 1st period - Slapshot by Jared Spurgeon.
4:26 of 1st period - Stopped by Dustin Tokarski without a rebound.
4:27 of 1st period - Erik Haula wins face-off versus Alexandre Bolduc in Gangsters zone.
4:30 of 1st period - Slapshot by Justin Faulk.
4:30 of 1st period - Shot Blocked by Michael Sdao.
4:39 of 1st period - Wrist shot by Alexandre Bolduc.
4:39 of 1st period - Shot Misses the Net.
4:57 of 1st period - Snap shot by Sean Avery.
4:57 of 1st period - Stopped by Dustin Tokarski without a rebound.
4:58 of 1st period - Ryan Johansen wins face-off versus Cody Bass in Gangsters zone.
4:58 of 1st period - Ryan Johansen is hit by Hugh Jessiman.
5:07 of 1st period - Off-side.
5:08 of 1st period - Marcus Kruger wins face-off versus Ryan Johansen in neutral zone.
5:21 of 1st period - Slapshot by Sean Avery.
5:21 of 1st period - Goal by Sean Avery - Little Stars : 1 - Gangsters : 0.
5:22 of 1st period - Alexandre Bolduc wins face-off versus Marcus Kruger in neutral zone.
5:25 of 1st period - Slapshot by Mikko Lehtonen.
5:25 of 1st period - Stopped by Peter Budaj without a rebound.
5:26 of 1st period - Marcus Kruger wins face-off versus Alexandre Bolduc in Little Stars zone.
5:42 of 1st period - Off-side.
5:43 of 1st period - Cody Bass wins face-off versus Ryan Jones in neutral zone.
6:10 of 1st period - Bryan Young is hit by Marcus Kruger and loses puck.
6:19 of 1st period - Snap shot by Sean Avery.
6:19 of 1st period - Stopped by Dustin Tokarski without a rebound.
6:20 of 1st period - Marcus Kruger wins face-off versus Ben Holmstrom in Gangsters zone.
6:27 of 1st period - Slapshot by Ryan Vesce.
6:27 of 1st period - Shot Misses the Net.
6:29 of 1st period - Wrist shot by Danny DeKeiser.
6:29 of 1st period - Stopped by Dustin Tokarski with a rebound.
6:31 of 1st period - Wrist shot by Sean Avery.
6:31 of 1st period - Shot Blocked by Michael Sdao.
6:33 of 1st period - Slapshot by Danny DeKeiser.
6:33 of 1st period - Deflect By Sean Avery.
6:33 of 1st period - Stopped by Dustin Tokarski with a rebound.
6:43 of 1st period - Snap shot by Cody Bass.
6:43 of 1st period - Stopped by Dustin Tokarski without a rebound.
6:44 of 1st period - Cody Bass wins face-off versus Alexandre Bolduc in Gangsters zone.
6:45 of 1st period - Wrist shot by Marcus Johansson.
6:45 of 1st period - Deflect By Bryan Young.
6:45 of 1st period - Stopped by Dustin Tokarski without a rebound.
6:46 of 1st period - Alexandre Bolduc wins face-off versus Marcus Johansson in Gangsters zone.
6:57 of 1st period - Slapshot by Mikko Lehtonen.
6:57 of 1st period - Shot Misses the Net.
7:35 of 1st period - Wrist shot by Dana Tyrell.
7:35 of 1st period - Stopped by Dustin Tokarski with a rebound.
7:51 of 1st period - Snap shot by Igor Radulov.
7:51 of 1st period - Stopped by Peter Budaj without a rebound.
7:52 of 1st period - Maxime Sauvé wins face-off versus Erik Haula in Little Stars zone.
9:10 of 1st period - Slapshot by Cody Bass.
9:10 of 1st period - Stopped by Dustin Tokarski without a rebound.
9:11 of 1st period - Cody Bass wins face-off versus Alexandre Bolduc in Gangsters zone.
9:12 of 1st period - Snap shot by Marcus Johansson.
9:12 of 1st period - Shot Misses the Net.
9:28 of 1st period - Slapshot by Alexandre Bolduc.
9:28 of 1st period - Shot Misses the Net.
9:30 of 1st period - Slapshot by Morgan Ellis.
9:30 of 1st period - Shot Blocked by Danny DeKeiser.
9:32 of 1st period - Backhand shot by Dave Dziurzynski.
9:32 of 1st period - Deflect By Mikko Lehtonen.
9:32 of 1st period - Goal by Mikko Lehtonen - Little Stars : 1 - Gangsters : 1.
9:33 of 1st period - Ryan Vesce wins face-off versus Ryan Johansen in neutral zone.
9:38 of 1st period - Snap shot by Ryan Vesce.
9:38 of 1st period - Stopped by Dustin Tokarski with a rebound.
9:44 of 1st period - Snap shot by Sean Avery.
9:44 of 1st period - Shot Blocked by Ryan Johansen.
9:46 of 1st period - Slapshot by Mathieu Roy.
9:46 of 1st period - Shot Misses the Net.
10:45 of 1st period - Snap shot by Ben Holmstrom.
10:45 of 1st period - Stopped by Peter Budaj without a rebound.
10:46 of 1st period - Ryan Johansen wins face-off versus Marcus Kruger in Little Stars zone.
10:53 of 1st period - Slapshot by Marcus Kruger.
10:53 of 1st period - Shot Blocked by Ryan Jones.
11:09 of 1st period - Marcus Johansson is hit by Maxime Sauvé and loses puck.
11:21 of 1st period - Wrist shot by Richard Panik.
11:21 of 1st period - Deflect By Mathieu Roy.
11:21 of 1st period - Shot Misses the Net.
11:21 of 1st period - Puck is out of play.
11:22 of 1st period - Ryan Johansen wins face-off versus Marcus Kruger in Little Stars zone.
11:25 of 1st period - Wrist shot by Igor Radulov.
11:25 of 1st period - Stopped by Peter Budaj with a rebound.
12:28 of 1st period - Slapshot by Igor Radulov.
12:28 of 1st period - Stopped by Peter Budaj without a rebound.
12:29 of 1st period - Marcus Kruger wins face-off versus Alexandre Bolduc in Little Stars zone.
12:36 of 1st period - Wrist shot by Ryan Vesce.
12:36 of 1st period - Shot Misses the Net.
12:54 of 1st period - Maxime Sauvé is hit by Mathieu Roy.
13:11 of 1st period - Icing by Mathieu Roy.
13:12 of 1st period - Hugh Jessiman wins face-off versus Ben Holmstrom in Little Stars zone.
13:47 of 1st period - Wrist shot by Jesse Joensuu.
13:47 of 1st period - Stopped by Dustin Tokarski with a rebound.
13:49 of 1st period - Snap shot by Dana Tyrell.
13:49 of 1st period - Shot Blocked by Bryan Young.
13:59 of 1st period - Snap shot by Ben Holmstrom.
13:59 of 1st period - Deflect By Mikko Lehtonen.
13:59 of 1st period - Shot Blocked by Jared Spurgeon.
13:59 of 1st period - Puck is out of play.
14:00 of 1st period - Marcus Kruger wins face-off versus Alexandre Bolduc in Little Stars zone.
15:17 of 1st period - Slapshot by Ryan Jones.
15:17 of 1st period - Goal by Ryan Jones - Little Stars : 1 - Gangsters : 2.
15:18 of 1st period - Sean Avery wins face-off versus Ryan Johansen in neutral zone.
15:31 of 1st period - Snap shot by Ryan Vesce.
15:31 of 1st period - Shot Misses the Net.
15:40 of 1st period - Icing by Bryan Young.
15:41 of 1st period - Cody Bass wins face-off versus Ryan Johansen in Gangsters zone.
15:49 of 1st period - Minor Penalty to Cody Bass for Interference.
15:50 of 1st period - Ryan Johansen wins face-off versus Ryan Vesce in Little Stars zone.
15:52 of 1st period - Snap shot by Igor Radulov.
15:52 of 1st period - Goal by Igor Radulov - Little Stars : 1 - Gangsters : 3.
15:53 of 1st period - Maxime Sauvé wins face-off versus Marcus Kruger in neutral zone.
16:22 of 1st period - Off-side.
16:23 of 1st period - Ryan Johansen wins face-off versus Dana Tyrell in neutral zone.
16:30 of 1st period - Ryan Jones is hit by Dennis Everberg and loses puck.
16:37 of 1st period - Wrist shot by Jesse Joensuu.
16:37 of 1st period - Shot Hit the Post.
17:05 of 1st period - Ryan Johansen is hit by Dennis Everberg and loses puck.
17:26 of 1st period - Slapshot by Ryan Jones.
17:26 of 1st period - Stopped by Peter Budaj with a rebound.
17:28 of 1st period - Snap shot by Ryan Johansen.
17:28 of 1st period - Shot Misses the Net.
17:56 of 1st period - Snap shot by Igor Radulov.
17:56 of 1st period - Stopped by Peter Budaj without a rebound.
17:57 of 1st period - Marcus Kruger wins face-off versus Alexandre Bolduc in Little Stars zone.
17:57 of 1st period - Marcus Kruger is hit by Alexandre Bolduc.
18:24 of 1st period - Minor Penalty to Bryan Young for Hooking.
18:25 of 1st period - Richard Panik wins face-off versus Marcus Kruger in Gangsters zone.
18:25 of 1st period - Richard Panik is hit by Ryan Vesce.
19:14 of 1st period - Morgan Ellis is hit by Sean Avery and loses puck.
Goals for this period are 1 for Little Stars vs 3 for Gangsters.
Shots for this period are 15 for Little Stars vs 10 for Gangsters.
2nd period
0:01 of 2nd period - Sean Avery wins face-off versus Alexandre Bolduc in neutral zone.
0:10 of 2nd period - Wrist shot by Marcus Kruger.
0:10 of 2nd period - Shot Misses the Net.
0:24 of 2nd period - Penalty to Bryan Young is over, Bryan Young is back on ice.
0:34 of 2nd period - Slapshot by Richard Panik.
0:34 of 2nd period - Stopped by Peter Budaj without a rebound.
0:35 of 2nd period - Cody Bass wins face-off versus Maxime Sauvé in Little Stars zone.
1:02 of 2nd period - Slapshot by Maxime Sauvé.
1:02 of 2nd period - Stopped by Peter Budaj with a rebound.
1:11 of 2nd period - Off-side.
1:12 of 2nd period - Marcus Kruger wins face-off versus Ryan Johansen in neutral zone.
1:23 of 2nd period - Wrist shot by Sean Avery.
1:23 of 2nd period - Stopped by Dustin Tokarski with a rebound.
1:25 of 2nd period - Slapshot by Raphael Diaz.
1:25 of 2nd period - Deflect By Matt Delahey.
1:25 of 2nd period - Stopped by Dustin Tokarski with a rebound.
1:27 of 2nd period - Backhand shot by Raphael Diaz.
1:27 of 2nd period - Shot Blocked by Igor Radulov.
1:44 of 2nd period - Minor Penalty to Jesse Joensuu for Boarding.
1:45 of 2nd period - Sean Avery wins face-off versus Ryan Jones in Little Stars zone.
1:59 of 2nd period - Slapshot by Bryan Young.
1:59 of 2nd period - Deflect By Raphael Diaz.
1:59 of 2nd period - Stopped by Peter Budaj with a rebound.
2:01 of 2nd period - Slapshot by Ryan Johansen.
2:01 of 2nd period - Goal by Ryan Johansen - Little Stars : 1 - Gangsters : 4.
2:01 of 2nd period - Ben Scrivens enters game.
2:02 of 2nd period - Alexandre Bolduc wins face-off versus Marcus Kruger in neutral zone.
2:17 of 2nd period - Snap shot by Mikko Lehtonen.
2:17 of 2nd period - Shot Misses the Net.
2:54 of 2nd period - Snap shot by Maxime Sauvé.
2:54 of 2nd period - Shot Misses the Net.
2:56 of 2nd period - Slapshot by Bryan Young.
2:56 of 2nd period - Stopped by Ben Scrivens without a rebound.
2:57 of 2nd period - Alexandre Bolduc wins face-off versus Marcus Kruger in Little Stars zone.
2:58 of 2nd period - Snap shot by Mikko Lehtonen.
2:58 of 2nd period - Goal by Mikko Lehtonen - Little Stars : 1 - Gangsters : 5.
2:59 of 2nd period - Marcus Kruger wins face-off versus Ryan Johansen in neutral zone.
3:26 of 2nd period - Raphael Diaz is hit by Alexandre Bolduc and loses puck.
3:43 of 2nd period - Wrist shot by Jesse Joensuu.
3:43 of 2nd period - Stopped by Dustin Tokarski without a rebound.
3:44 of 2nd period - Luke Gazdic wins face-off versus Jesse Joensuu in Gangsters zone.
3:53 of 2nd period - Slapshot by Richard Panik.
3:53 of 2nd period - Goal by Richard Panik - Little Stars : 1 - Gangsters : 6.
3:54 of 2nd period - Ryan Johansen wins face-off versus Marcus Kruger in neutral zone.
4:06 of 2nd period - Igor Radulov is hit by Marcus Kruger and loses puck.
4:21 of 2nd period - Matt Delahey is hit by Hugh Jessiman and loses puck.
5:03 of 2nd period - Slapshot by Raphael Diaz.
5:03 of 2nd period - Stopped by Dustin Tokarski with a rebound.
5:05 of 2nd period - Wrist shot by Mathieu Roy.
5:05 of 2nd period - Shot Blocked by Ben Holmstrom.
5:07 of 2nd period - Slapshot by Mathieu Roy.
5:07 of 2nd period - Shot Blocked by Ben Holmstrom.
5:09 of 2nd period - Snap shot by Erik Haula.
5:09 of 2nd period - Little Stars goal is going for a video replay.
5:09 of 2nd period - The goal is good.
5:09 of 2nd period - Goal by Erik Haula - Little Stars : 2 - Gangsters : 6.
5:10 of 2nd period - Ryan Johansen wins face-off versus Marcus Kruger in neutral zone.
5:23 of 2nd period - Igor Radulov is hit by Ryan Vesce and loses puck.
6:36 of 2nd period - Snap shot by Jesse Joensuu.
6:36 of 2nd period - Stopped by Dustin Tokarski with a rebound.
6:38 of 2nd period - Wrist shot by Dana Tyrell.
6:38 of 2nd period - Stopped by Dustin Tokarski without a rebound.
6:39 of 2nd period - Alexandre Bolduc wins face-off versus Marcus Kruger in Gangsters zone.
7:43 of 2nd period - Minor Penalty to Curtis McKenzie for Hooking.
7:44 of 2nd period - Marcus Kruger wins face-off versus Igor Radulov in Gangsters zone.
7:47 of 2nd period - Wrist shot by Marcus Kruger.
7:47 of 2nd period - Stopped by Dustin Tokarski without a rebound.
7:48 of 2nd period - Marcus Kruger wins face-off versus Igor Radulov in Gangsters zone.
8:55 of 2nd period - Snap shot by Marcus Johansson.
8:55 of 2nd period - Shot Misses the Net.
9:43 of 2nd period - Penalty to Curtis McKenzie is over, Curtis McKenzie is back on ice.
9:57 of 2nd period - Slapshot by Jesse Joensuu.
9:57 of 2nd period - Deflect By Bryan Young.
9:57 of 2nd period - Shot Blocked by Matt Delahey.
9:57 of 2nd period - Puck is out of play.
9:58 of 2nd period - Marcus Kruger wins face-off versus Maxime Sauvé in Gangsters zone.
10:27 of 2nd period - Wrist shot by Igor Radulov.
10:27 of 2nd period - Shot Blocked by Sean Avery.
10:29 of 2nd period - Slapshot by Igor Radulov.
10:29 of 2nd period - Deflect By Ryan Johansen.
10:29 of 2nd period - Shot Misses the Net.
10:29 of 2nd period - Puck is out of play.
10:30 of 2nd period - Ryan Johansen wins face-off versus Dana Tyrell in Little Stars zone.
10:50 of 2nd period - Icing by Danny DeKeiser.
10:51 of 2nd period - Erik Haula wins face-off versus Alexandre Bolduc in Little Stars zone.
10:51 of 2nd period - Erik Haula is hit by Mikko Lehtonen.
11:01 of 2nd period - Wrist shot by Jared Spurgeon.
11:01 of 2nd period - Deflect By Bryan Young.
11:01 of 2nd period - Stopped by Dustin Tokarski without a rebound.
11:02 of 2nd period - Alexandre Bolduc wins face-off versus Marcus Kruger in Gangsters zone.
11:02 of 2nd period - Alexandre Bolduc is hit by Mathieu Roy.
11:05 of 2nd period - Minor Penalty to Matt Delahey for Slashing.
11:06 of 2nd period - Igor Radulov wins face-off versus Marcus Kruger in Gangsters zone.
11:26 of 2nd period - Alexandre Bolduc is hit by Raphael Diaz and loses puck.
12:05 of 2nd period - Minor Penalty to Sean Avery for Tripping.
12:06 of 2nd period - Jesse Joensuu wins face-off versus Igor Radulov in Little Stars zone.
12:10 of 2nd period - Off-side.
12:11 of 2nd period - Jesse Joensuu wins face-off versus Igor Radulov in neutral zone.
12:18 of 2nd period - Slapshot by Raphael Diaz.
12:18 of 2nd period - Shot Misses the Net.
12:54 of 2nd period - Wrist shot by Dana Tyrell.
12:54 of 2nd period - Shot Misses the Net.
12:56 of 2nd period - Slapshot by Erik Haula.
12:56 of 2nd period - Stopped by Dustin Tokarski without a rebound.
12:57 of 2nd period - Alexandre Bolduc wins face-off versus Dana Tyrell in Gangsters zone.
13:05 of 2nd period - Penalty to Matt Delahey is over, Matt Delahey is back on ice.
14:05 of 2nd period - Penalty to Sean Avery is over, Sean Avery is back on ice.
14:56 of 2nd period - Wrist shot by Cody Bass.
14:56 of 2nd period - Stopped by Dustin Tokarski with a rebound.
15:24 of 2nd period - Patrik Nemeth is hit by Sean Avery and loses puck.
15:55 of 2nd period - Wrist shot by Maxime Sauvé.
15:55 of 2nd period - Shot Blocked by Mathieu Roy.
15:57 of 2nd period - Wrist shot by Patrik Nemeth.
15:57 of 2nd period - Stopped by Ben Scrivens without a rebound.
15:58 of 2nd period - Maxime Sauvé wins face-off versus Cody Bass in Little Stars zone.
16:01 of 2nd period - Wrist shot by Richard Panik.
16:01 of 2nd period - Stopped by Ben Scrivens without a rebound.
16:02 of 2nd period - Igor Radulov wins face-off versus Cody Bass in Little Stars zone.
16:08 of 2nd period - Off-side.
16:09 of 2nd period - Ryan Johansen wins face-off versus Marcus Kruger in neutral zone.
16:25 of 2nd period - Snap shot by Marcus Kruger.
16:25 of 2nd period - Shot Misses the Net.
17:07 of 2nd period - Wrist shot by Dana Tyrell.
17:07 of 2nd period - Shot Blocked by Michael Sdao.
17:09 of 2nd period - Slapshot by Mathieu Roy.
17:09 of 2nd period - Deflect By Jesse Joensuu.
17:09 of 2nd period - Shot Misses the Net.
17:09 of 2nd period - Puck is out of play.
17:10 of 2nd period - Marcus Kruger wins face-off versus Ryan Johansen in Gangsters zone.
17:24 of 2nd period - Off-side.
17:25 of 2nd period - Alexandre Bolduc wins face-off versus Cody Bass in neutral zone.
18:09 of 2nd period - Minor Penalty to Ryan Jones for Boarding.
18:10 of 2nd period - Igor Radulov wins face-off versus Marcus Kruger in Gangsters zone.
18:10 of 2nd period - Igor Radulov is hit by Mathieu Roy.
18:22 of 2nd period - Snap shot by Mathieu Roy.
18:22 of 2nd period - Stopped by Dustin Tokarski without a rebound.
18:23 of 2nd period - Marcus Kruger wins face-off versus Igor Radulov in Gangsters zone.
18:50 of 2nd period - Bryan Young is hit by Cody Bass and loses puck.
Goals for this period are 1 for Little Stars vs 3 for Gangsters.
Shots for this period are 12 for Little Stars vs 9 for Gangsters.
3rd period
0:01 of 3rd period - Igor Radulov wins face-off versus Marcus Kruger in neutral zone.
0:09 of 3rd period - Penalty to Ryan Jones is over, Ryan Jones is back on ice.
0:13 of 3rd period - Icing by Matt Delahey.
0:14 of 3rd period - Marcus Kruger wins face-off versus Ryan Jones in Gangsters zone.
0:21 of 3rd period - Wrist shot by Sean Avery.
0:21 of 3rd period - Stopped by Dustin Tokarski with a rebound.
0:27 of 3rd period - Wrist shot by Ryan Vesce.
0:27 of 3rd period - Stopped by Dustin Tokarski without a rebound.
0:28 of 3rd period - Alexandre Bolduc wins face-off versus Marcus Kruger in Gangsters zone.
0:44 of 3rd period - Snap shot by Alexandre Bolduc.
0:44 of 3rd period - Stopped by Ben Scrivens with a rebound.
1:38 of 3rd period - Dennis Everberg is hit by Patrik Nemeth and loses puck.
2:21 of 3rd period - Brett Ponich is hit by Jesse Joensuu.
3:30 of 3rd period - Snap shot by Ryan Vesce.
3:30 of 3rd period - Shot Blocked by Luke Gazdic.
4:14 of 3rd period - Snap shot by Alexandre Bolduc.
4:14 of 3rd period - Shot Misses the Net.
4:48 of 3rd period - Maxime Sauvé is hit by Petter Granberg and loses puck.
5:01 of 3rd period - Michael Sdao is hit by Ryan Vesce and loses puck.
5:45 of 3rd period - Minor Penalty to Conor Allen for Tripping.
5:46 of 3rd period - Sean Avery wins face-off versus Ryan Johansen in Little Stars zone.
7:06 of 3rd period - Michael Sdao is hit by Danny DeKeiser and loses puck.
7:13 of 3rd period - Wrist shot by Marcus Johansson.
7:13 of 3rd period - Stopped by Dustin Tokarski with a rebound.
7:40 of 3rd period - Igor Radulov is hit by Ryan Vesce and loses puck.
7:45 of 3rd period - Penalty to Conor Allen is over, Conor Allen is back on ice.
8:37 of 3rd period - Snap shot by Devante Smith-Pelly.
8:37 of 3rd period - Deflect By Ben Holmstrom.
8:37 of 3rd period - Shot Misses the Net.
8:37 of 3rd period - Puck is out of play.
8:38 of 3rd period - Ben Holmstrom wins face-off versus Cody Bass in Little Stars zone.
8:51 of 3rd period - Wrist shot by Ben Holmstrom.
8:51 of 3rd period - Shot Blocked by Hugh Jessiman.
9:30 of 3rd period - Slapshot by Ryan Johansen.
9:30 of 3rd period - Goal by Ryan Johansen - Little Stars : 2 - Gangsters : 7.
9:31 of 3rd period - Igor Radulov wins face-off versus Marcus Kruger in neutral zone.
9:37 of 3rd period - Mathieu Roy is hit by Ryan Jones.
9:47 of 3rd period - Michael Sdao is hit by Ryan Vesce and loses puck.
10:07 of 3rd period - Snap shot by Mikko Lehtonen.
10:07 of 3rd period - Shot Misses the Net.
10:23 of 3rd period - Marcus Johansson is hit by Morgan Ellis and loses puck.
10:36 of 3rd period - Backhand shot by Raphael Diaz.
10:36 of 3rd period - Deflect By Marcus Johansson.
10:36 of 3rd period - Shot Misses the Net.
10:36 of 3rd period - Puck is out of play.
10:37 of 3rd period - Ryan Jones wins face-off versus Marcus Kruger in Gangsters zone.
10:47 of 3rd period - Off-side.
10:48 of 3rd period - Ryan Johansen wins face-off versus Marcus Kruger in neutral zone.
11:03 of 3rd period - Ryan Johansen is hit by Ryan Vesce and loses puck.
11:14 of 3rd period - Jesse Joensuu is hit by Bryan Young and loses puck.
11:19 of 3rd period - Slapshot by Mikko Lehtonen.
11:19 of 3rd period - Shot Misses the Net.
11:21 of 3rd period - Wrist shot by Alexandre Bolduc.
11:21 of 3rd period - Stopped by Ben Scrivens with a rebound.
11:23 of 3rd period - Snap shot by Dave Dziurzynski.
11:23 of 3rd period - Stopped by Ben Scrivens with a rebound.
11:25 of 3rd period - Snap shot by Alexandre Bolduc.
11:25 of 3rd period - Shot Blocked by Danny DeKeiser.
11:27 of 3rd period - Slapshot by Dave Dziurzynski.
11:27 of 3rd period - Shot Misses the Net.
11:37 of 3rd period - Snap shot by Jared Spurgeon.
11:37 of 3rd period - Stopped by Dustin Tokarski with a rebound.
12:12 of 3rd period - Minor Penalty to Curtis McKenzie for Delaying the game.
12:13 of 3rd period - Igor Radulov wins face-off versus Marcus Kruger in Gangsters zone.
12:13 of 3rd period - Igor Radulov is hit by Marcus Kruger.
12:22 of 3rd period - Snap shot by Mathieu Roy.
12:22 of 3rd period - Stopped by Dustin Tokarski with a rebound.
12:24 of 3rd period - Snap shot by Marcus Kruger.
12:24 of 3rd period - Shot Blocked by Matt Delahey.
12:26 of 3rd period - Snap shot by Raphael Diaz.
12:26 of 3rd period - Deflect By Ryan Vesce.
12:26 of 3rd period - Goal by Ryan Vesce - Little Stars : 3 - Gangsters : 7.
12:27 of 3rd period - Marcus Kruger wins face-off versus Ryan Johansen in neutral zone.
12:27 of 3rd period - Sean Avery is hit by Ryan Jones and loses puck.
12:40 of 3rd period - Snap shot by Sean Avery.
12:40 of 3rd period - Shot Blocked by Igor Radulov.
12:42 of 3rd period - Wrist shot by Ryan Vesce.
12:42 of 3rd period - Goal by Ryan Vesce - Little Stars : 4 - Gangsters : 7.
12:43 of 3rd period - Sean Avery wins face-off versus Ryan Johansen in neutral zone.
12:58 of 3rd period - Slapshot by Sean Avery.
12:58 of 3rd period - Stopped by Dustin Tokarski with a rebound.
13:00 of 3rd period - Minor Penalty to Ryan Jones for Holding.
13:01 of 3rd period - Igor Radulov wins face-off versus Marcus Kruger in Gangsters zone.
13:12 of 3rd period - Igor Radulov is hit by Raphael Diaz and loses puck.
15:00 of 3rd period - Penalty to Ryan Jones is over, Ryan Jones is back on ice.
15:16 of 3rd period - Snap shot by Ben Holmstrom.
15:16 of 3rd period - Stopped by Ben Scrivens with a rebound.
15:32 of 3rd period - Alexander Vasyunov is hit by Maxime Sauvé and loses puck.
16:30 of 3rd period - Dana Tyrell is hit by Mikko Lehtonen and loses puck.
16:51 of 3rd period - Mathieu Roy is hit by Curtis McKenzie.
17:39 of 3rd period - Snap shot by Igor Radulov.
17:39 of 3rd period - Stopped by Ben Scrivens with a rebound.
17:50 of 3rd period - Icing by Ryan Jones.
17:51 of 3rd period - Erik Haula wins face-off versus Ryan Johansen in Gangsters zone.
18:30 of 3rd period - Snap shot by Hugh Jessiman.
18:30 of 3rd period - Shot Misses the Net.
18:32 of 3rd period - Slapshot by Justin Faulk.
18:32 of 3rd period - Shot Misses the Net.
19:14 of 3rd period - Mathieu Roy is hit by Morgan Ellis.
19:22 of 3rd period - Minor Penalty to Ryan Johansen for Hooking.
19:23 of 3rd period - Ryan Vesce wins face-off versus Igor Radulov in Gangsters zone.
19:50 of 3rd period - Igor Radulov is hit by Marcus Johansson and loses puck.
Goals for this period are 2 for Little Stars vs 1 for Gangsters.
Shots for this period are 8 for Little Stars vs 6 for Gangsters.
Output by the SimonT Hockey Simulator (STHS) for François Prévost -- Original Page W3C XHTML 1.0 Valid